TOP OF THE 1ST |
Kingsport Mets batting - Pitching for Philadelphia (APP) Phillies : LHP Phuck II
|
Pitching: LHP Phuck II
|
|
Batting: RHB John Jones
|
0-0: Ball 1-0: Called Strike 1-1: Foul Ball, location: 2F 1-2: DOUBLE (Flyball, 8RXD, EV 96.3 MPH)
|
Batting: RHB Josh Jones
|
0-0: Called Strike 0-1: Ball 1-1: Foul Ball, location: 2F 1-2: Foul Ball, location: 2F 1-2: Foul Ball, location: 2F 1-2: SINGLE (Groundball, 34S, EV 72.5 MPH) (infield hit) John Jones to third
|
Batting: RHB Steve Page
|
0-0: Called Strike 0-1: Ball 1-1: Ball 2-1: Ball 3-1: Called Strike 3-2: Base on Balls Josh Jones to second
|
Batting: RHB Kyle Holland
|
0-0: Called Strike 0-1: Ball 1-1: Swinging Strike 1-2: Ball 2-2: Fly out, F9 (Flyball, 89S, EV 81.9 MPH)
|
Batting: SHB Jason Evans
|
0-0: Called Strike 0-1: Fielders Choice at 2nd, 5-4 (Groundball, 56, EV 108.1 MPH) John Jones scores Josh Jones to third
|
Batting: RHB Danny Runberg
|
0-0: Ball 1-0: Called Strike 1-1: Ball 2-1: Called Strike 2-2: Ball 3-2: Base on Balls Jason Evans to second
|
Batting: RHB Coltin Nellis
|
0-0: Ground out U3 (Groundball, 3, EV 83.1 MPH)
|
Top of the 1st over - 1 run, 2 hits, 0 errors, 3 left on base; Kingsport 1 - Philadelphia (APP) 0 |
BOTTOM OF THE 1ST |
Philadelphia (APP) Phillies batting - Pitching for Kingsport Mets : RHP Zhao-ying Joe
|
Pitching: RHP Zhao-ying Joe
|
|
Batting: LHB Matt Urbanek
|
0-0: Swinging Strike 0-1: Ball 1-1: Called Strike 1-2: Ball 2-2: Ball 3-2: Strikes out swinging, 2-3 out at first.
|
Batting: RHB Carlos Morejon
|
0-0: Fly out, F9 (Flyball, 9D, EV 102.5 MPH)
|
Batting: RHB Kyle Reilly
|
0-0: Ball 1-0: Ball 2-0: Ground out 5-3 (Groundball, 56, EV 97.5 MPH)
|
Bottom of the 1st over - 0 runs, 0 hits, 0 errors, 0 left on base; Kingsport 1 - Philadelphia (APP) 0 |
TOP OF THE 2ND |
Kingsport Mets batting - Pitching for Philadelphia (APP) Phillies : LHP Phuck II
|
Batting: RHB Jerry Burch
|
0-0: Called Strike 0-1: Fly out, F7 (Flyball, 7LS, EV 85.6 MPH)
|
Batting: RHB Frank Shaw
|
0-0: Ball 1-0: Ball 2-0: SINGLE (Groundball, 6MD, EV 110.0 MPH)
|
Batting: RHB John Jones
|
0-0: Ball Pickoff Throw to First - Out! 1-3 1-0: Bunt missed! 1-1: Called Strike 1-2: SINGLE (Groundball, 6MD, EV 95.6 MPH)
|
Batting: RHB Josh Jones
|
0-0: Ball 1-0: Ground out U3 (Groundball, 3, EV 88.8 MPH)
|
Top of the 2nd over - 0 runs, 2 hits, 0 errors, 1 left on base; Kingsport 1 - Philadelphia (APP) 0 |
BOTTOM OF THE 2ND |
Philadelphia (APP) Phillies batting - Pitching for Kingsport Mets : RHP Zhao-ying Joe
|
Batting: LHB Eric Farren
|
0-0: Fly out, F8 (Flyball, 78M, EV 91.9 MPH)
|
Batting: RHB Seung-mun Kim
|
0-0: Called Strike 0-1: Foul Ball, location: 2F 0-2: Foul Ball, location: 2F 0-2: Foul Ball, location: 2F 0-2: Foul Ball, location: 2F 0-2: Strikes out swinging
|
Batting: RHB Mark Schultz
|
0-0: Ball 1-0: Foul Ball, location: 2F 1-1: SINGLE (Groundball, 56S, EV 63.1 MPH) (infield hit)
|
Batting: RHB Vaclav Been
|
0-0: Called Strike 0-1: Ball 1-1: Called Strike 1-2: SINGLE (Line Drive, 9LS, EV 96.3 MPH) Mark Schultz to second Runner from 2nd tries for 3rd, SAFE, throw by RF made to third
|
Batting: LHB Josh George
|
0-0: Called Strike 0-1: 3-RUN HOME RUN (Flyball, 9D, EV 91.3 MPH), Distance : 347 ft
|
Batting: LHB Jesse Haught
|
0-0: Fly out, F7 (Flyball, 7S, EV 85.6 MPH)
|
Bottom of the 2nd over - 3 runs, 3 hits, 0 errors, 0 left on base; Kingsport 1 - Philadelphia (APP) 3 |
TOP OF THE 3RD |
Kingsport Mets batting - Pitching for Philadelphia (APP) Phillies : LHP Phuck II
|
Batting: RHB Steve Page
|
0-0: Ball 1-0: Called Strike 1-1: Swinging Strike 1-2: Foul Ball, location: 2F 1-2: Ball 2-2: Fly out, F8 (Flyball, 8RXD, EV 100.6 MPH)
|
Batting: RHB Kyle Holland
|
0-0: Called Strike 0-1: Ball 1-1: Ball 2-1: Ball 3-1: Base on Balls
|
Batting: SHB Jason Evans
|
0-0: SINGLE (Groundball, 56S, EV 67.5 MPH) (infield hit) Kyle Holland to second
|
Batting: RHB Danny Runberg
|
0-0: Called Strike 0-1: Ball 1-1: Ball 2-1: Foul Ball, location: 2F 2-2: Ball 3-2: Strikes out swinging
|
Batting: RHB Coltin Nellis
|
0-0: Fielders Choice at 2nd, 5-4 (Groundball, 56, EV 80.6 MPH)
|
Top of the 3rd over - 0 runs, 1 hit, 0 errors, 2 left on base; Kingsport 1 - Philadelphia (APP) 3 |
BOTTOM OF THE 3RD |
Philadelphia (APP) Phillies batting - Pitching for Kingsport Mets : RHP Zhao-ying Joe
|
Batting: LHB Matt Urbanek
|
0-0: Swinging Strike 0-1: Ball 1-1: Called Strike 1-2: Strikes out looking
|
Batting: RHB Carlos Morejon
|
0-0: Ball 1-0: Called Strike 1-1: Ball 2-1: Fly out, F8 (Flyball, BS3, EV 88.1 MPH)
|
Batting: RHB Kyle Reilly
|
0-0: Swinging Strike 0-1: Called Strike 0-2: Foul Ball, location: 2F 0-2: Strikes out swinging
|
Bottom of the 3rd over - 0 runs, 0 hits, 0 errors, 0 left on base; Kingsport 1 - Philadelphia (APP) 3 |
TOP OF THE 4TH |
Kingsport Mets batting - Pitching for Philadelphia (APP) Phillies : LHP Phuck II
|
Batting: RHB Jerry Burch
|
0-0: Swinging Strike 0-1: Ground out U3 (Groundball, 3, EV 85.0 MPH)
|
Batting: RHB Frank Shaw
|
0-0: Ball 1-0: Ball 2-0: Called Strike 2-1: Foul Ball, location: 2F 2-2: SINGLE (Line Drive, 89S, EV 109.4 MPH)
|
Batting: RHB John Jones
|
0-0: Foul Ball, location: 2F 0-1: Ball 1-1: Foul Ball, location: 2F 1-2: Ball 2-2: Ball 3-2: Foul Ball, location: 2F 3-2: SINGLE (Groundball, 6MD, EV 100.6 MPH) Frank Shaw to second Runner from 2nd tries for 3rd, SAFE, throw by CF made to third
|
Batting: RHB Josh Jones
|
0-0: Ball 1-0: Called Strike 1-1: Fly out, F3 (Popup, 3SF, EV 73.8 MPH)
|
Batting: RHB Steve Page
|
0-0: Ball 1-0: Ball 2-0: Ball 3-0: Called Strike 3-1: Foul Ball, location: 2F 3-2: Fly out, F3 (Popup, 3SF, EV 60.6 MPH)
|
Top of the 4th over - 0 runs, 2 hits, 0 errors, 2 left on base; Kingsport 1 - Philadelphia (APP) 3 |
BOTTOM OF THE 4TH |
Philadelphia (APP) Phillies batting - Pitching for Kingsport Mets : RHP Zhao-ying Joe
|
Batting: LHB Eric Farren
|
0-0: DOUBLE (Line Drive, 9LM, EV 105.0 MPH)
|
Batting: RHB Seung-mun Kim
|
0-0: Ball 1-0: Called Strike 1-1: Swinging Strike 1-2: Ground out 5-3 (Groundball, 56S, EV 82.5 MPH)
|
Batting: RHB Mark Schultz
|
0-0: Swinging Strike 0-1: Ball 1-1: Ball Wild Pitch! Eric Farren to third 2-1: Ball 3-1: Base on Balls
|
Batting: RHB Vaclav Been
|
0-0: Ball Mark Schultz is caught stealing 2nd base 2-4 1-0: Ball 2-0: Ball 3-0: Called Strike 3-1: Foul Ball, location: 2F 3-2: DOUBLE (Line Drive, 78D, EV 108.1 MPH) Eric Farren scores
|
Batting: LHB Josh George
|
0-0: Ball 1-0: Ball Wild Pitch! Vaclav Been to third 2-0: Swinging Strike 2-1: Ball 3-1: Called Strike 3-2: SINGLE (Line Drive, 7S, EV 93.8 MPH) Vaclav Been scores
|
Batting: LHB Jesse Haught
|
0-0: Ball 1-0: Foul Ball, location: 2F Balk! Josh George to second 1-1: Foul Ball, location: 2F 1-2: Ball 2-2: Ball 3-2: Foul Ball, location: 2F 3-2: Base on Balls
|
Batting: LHB Matt Urbanek
|
0-0: Called Strike 0-1: Swinging Strike 0-2: DOUBLE (Groundball, 5L, EV 106.3 MPH) Josh George scores Jesse Haught to third Runner from 3rd tries for Home, SAFE, throw by LF to home
|
Pitching: RHP Thomas Clark
|
|
Batting: RHB Carlos Morejon
|
0-0: Ball 1-0: Called Strike 1-1: Ground out 6-3 (Groundball, 6, EV 84.4 MPH)
|
Bottom of the 4th over - 4 runs, 4 hits, 0 errors, 1 left on base; Kingsport 1 - Philadelphia (APP) 7 |
TOP OF THE 5TH |
Kingsport Mets batting - Pitching for Philadelphia (APP) Phillies : LHP Phuck II
|
Batting: RHB Kyle Holland
|
0-0: Ball 1-0: Ball 2-0: Called Strike 2-1: Foul Ball, location: 2F 2-2: Ball 3-2: Foul Ball, location: 2F 3-2: Base on Balls
|
Batting: SHB Jason Evans
|
0-0: Called Strike 0-1: SINGLE (Groundball, 6D, EV 97.5 MPH) Kyle Holland to second
|
Batting: RHB Danny Runberg
|
0-0: Ball 1-0: Ball 2-0: Ball 3-0: Base on Balls Kyle Holland to third Jason Evans to second
|
Batting: RHB Coltin Nellis
|
0-0: Ball 1-0: Called Strike 1-1: Ball 2-1: Grounds into double play, 6-4-3 (Groundball, 6, EV 86.9 MPH) Kyle Holland scores Jason Evans to third
|
Batting: RHB Jerry Burch
|
0-0: Ball 1-0: Foul Ball, location: 2F 1-1: Ball 2-1: Foul Ball, location: 2F 2-2: Foul Ball, location: 2F 2-2: Foul Ball, location: 2F 2-2: Foul Ball, location: 2F 2-2: Foul Ball, location: 2F 2-2: Ball 3-2: 2-RUN HOME RUN (Flyball, 7LD, EV 91.9 MPH), Distance : 336 ft
|
Batting: RHB Frank Shaw
|
0-0: Ball 1-0: Called Strike 1-1: Ball 2-1: Ground out 5-3 (Groundball, 56D, EV 76.9 MPH)
|
Top of the 5th over - 3 runs, 2 hits, 0 errors, 0 left on base; Kingsport 4 - Philadelphia (APP) 7 |
BOTTOM OF THE 5TH |
Philadelphia (APP) Phillies batting - Pitching for Kingsport Mets : RHP Thomas Clark
|
Batting: RHB Kyle Reilly
|
0-0: Ball 1-0: Ball 2-0: Foul Ball, location: 2F 2-1: Fly out, F8 (Flyball, 8LD, EV 100.0 MPH)
|
Batting: LHB Eric Farren
|
0-0: Swinging Strike 0-1: Called Strike 0-2: Foul Ball, location: 2F 0-2: Ball 1-2: Strikes out swinging
|
Batting: RHB Seung-mun Kim
|
0-0: Ball 1-0: Foul Ball, location: 2F 1-1: Foul Ball, location: 2F 1-2: Strikes out looking
|
Bottom of the 5th over - 0 runs, 0 hits, 0 errors, 0 left on base; Kingsport 4 - Philadelphia (APP) 7 |
TOP OF THE 6TH |
Kingsport Mets batting - Pitching for Philadelphia (APP) Phillies : LHP Phuck II
|
Pitching: LHP Ignacio Amaya
|
|
Batting: RHB John Jones
|
0-0: Called Strike 0-1: Swinging Strike 0-2: Ball 1-2: Strikes out swinging
|
Batting: RHB Josh Jones
|
0-0: Ball 1-0: Swinging Strike 1-1: Fly out, F7 (Flyball, 7LS, EV 92.5 MPH)
|
Batting: RHB Steve Page
|
0-0: Ground out 4-3 (Groundball, 13, EV 81.3 MPH)
|
Top of the 6th over - 0 runs, 0 hits, 0 errors, 0 left on base; Kingsport 4 - Philadelphia (APP) 7 |
BOTTOM OF THE 6TH |
Philadelphia (APP) Phillies batting - Pitching for Kingsport Mets : RHP Thomas Clark
|
Batting: RHB Mark Schultz
|
0-0: Called Strike 0-1: Foul Ball, location: 2F 0-2: Ball 1-2: Ball 2-2: Hit by Pitch
|
Pitching: RHP Marvin Merino
|
|
Batting: RHB Vaclav Been
|
0-0: Called Strike 0-1: Ball 1-1: Swinging Strike 1-2: Ball 2-2: Strikes out swinging Mark Schultz steals 2nd base Batter strikes out.
|
Batting: LHB Josh George
|
0-0: Ball 1-0: Ball 2-0: Called Strike 2-1: Called Strike 2-2: 2-RUN HOME RUN (Line Drive, 9D, EV 95.0 MPH), Distance : 357 ft
|
Batting: LHB Jesse Haught
|
0-0: Ball 1-0: Fly out, F9 (Flyball, 9S, EV 90.6 MPH)
|
Batting: LHB Matt Urbanek
|
0-0: Called Strike 0-1: Called Strike 0-2: Strikes out looking
|
Bottom of the 6th over - 2 runs, 1 hit, 0 errors, 0 left on base; Kingsport 4 - Philadelphia (APP) 9 |
TOP OF THE 7TH |
Kingsport Mets batting - Pitching for Philadelphia (APP) Phillies : LHP Ignacio Amaya
|
Batting: RHB Kyle Holland
|
0-0: Ground out 6-3 (Groundball, 6, EV 90.0 MPH)
|
Batting: SHB Jason Evans
|
0-0: Called Strike 0-1: Called Strike 0-2: Foul Ball, location: 2F 0-2: Ball 1-2: Ball 2-2: Strikes out swinging
|
Batting: RHB Danny Runberg
|
0-0: Called Strike 0-1: SINGLE (Groundball, 34D, EV 106.3 MPH)
|
Batting: RHB Coltin Nellis
|
0-0: Ground out 4-3 (Groundball, 4D, EV 99.4 MPH)
|
Top of the 7th over - 0 runs, 1 hit, 0 errors, 1 left on base; Kingsport 4 - Philadelphia (APP) 9 |
BOTTOM OF THE 7TH |
Philadelphia (APP) Phillies batting - Pitching for Kingsport Mets : RHP Marvin Merino
|
Batting: RHB Carlos Morejon
|
0-0: Ball 1-0: Foul Ball, location: 2F 1-1: Ball 2-1: Swinging Strike 2-2: Foul Ball, location: 2F 2-2: Ball 3-2: Foul Ball, location: 2F 3-2: Base on Balls
|
Pitching: LHP Mike Mathews
|
|
Batting: RHB Kyle Reilly
|
0-0: Ball 1-0: Called Strike 1-1: Called Strike 1-2: Ball 2-2: Strikes out looking
|
Batting: LHB Eric Farren
|
0-0: Fly out, F8 (Line Drive, 8RM, EV 84.4 MPH)
|
Batting: RHB Seung-mun Kim
|
0-0: Ball 1-0: Ball 2-0: Ball 3-0: Base on Balls Carlos Morejon to second
|
Batting: RHB Mark Schultz
|
0-0: Called Strike 0-1: Ball 1-1: Swinging Strike 1-2: Fly out, F8 (Flyball, 8RD, EV 105.6 MPH)
|
Bottom of the 7th over - 0 runs, 0 hits, 0 errors, 2 left on base; Kingsport 4 - Philadelphia (APP) 9 |
TOP OF THE 8TH |
Kingsport Mets batting - Pitching for Philadelphia (APP) Phillies : LHP Ignacio Amaya
|
Batting: RHB Jerry Burch
|
0-0: Ball 1-0: Called Strike 1-1: Ground out 4-3 (Groundball, 4, EV 104.4 MPH)
|
Batting: RHB Frank Shaw
|
0-0: Swinging Strike 0-1: Ball 1-1: Foul Ball, location: 2F 1-2: Ball 2-2: Foul Ball, location: 2F 2-2: SOLO HOME RUN (Flyball, 9D, EV 94.4 MPH), Distance : 360 ft
|
Pitching: RHP Dustin Greaves
|
|
Batting: RHB John Jones
|
0-0: Ball 1-0: Ball 2-0: SINGLE (Line Drive, 78S, EV 105.6 MPH)
|
Batting: RHB Josh Jones
|
0-0: Ball 1-0: DOUBLE (Flyball, 8RD, EV 88.8 MPH) John Jones to third Runner from 3rd tries for Home, SAFE, throw by CF to home
|
Batting: RHB Steve Page
|
0-0: Foul Ball, location: 2F 0-1: Foul Ball, location: 2F 0-2: 2-RUN HOME RUN (Flyball, 7D, EV 96.9 MPH), Distance : 359 ft
|
Pitching: RHP Andy Burchfield
|
|
Batting: RHB Kyle Holland
|
0-0: Ball 1-0: Ground out 6-3 (Groundball, 6S, EV 70.0 MPH)
|
Batting: SHB Jason Evans
|
0-0: Called Strike 0-1: Called Strike 0-2: Ball 1-2: Ball 2-2: Ball 3-2: Strikes out swinging
|
Top of the 8th over - 4 runs, 4 hits, 0 errors, 0 left on base; Kingsport 8 - Philadelphia (APP) 9 |
BOTTOM OF THE 8TH |
Philadelphia (APP) Phillies batting - Pitching for Kingsport Mets : LHP Mike Mathews
|
Pitching: LHP Tony Diaz
|
|
Batting: RHB Vaclav Been
|
0-0: Called Strike 0-1: Ball 1-1: Ball 2-1: Called Strike 2-2: Foul Ball, location: 2F 2-2: Ball 3-2: Base on Balls
|
Batting: LHB Josh George
|
0-0: Ball 1-0: Ball 2-0: Ball 3-0: Called Strike 3-1: Base on Balls Vaclav Been to second
|
Batting: LHB Jesse Haught
|
0-0: Called Strike 0-1: SINGLE (Groundball, 6MS, EV 66.9 MPH) (infield hit) Vaclav Been to third Josh George to second
|
Batting: LHB Matt Urbanek
|
0-0: Ball 1-0: Ball 2-0: Ball 3-0: Base on Balls Vaclav Been scores Josh George to third Jesse Haught to second
|
Pitching: RHP Danny Helm
|
|
Batting: RHB Carlos Morejon
|
0-0: Ball 1-0: Called Strike 1-1: SINGLE (Groundball, 4D, EV 98.1 MPH) Josh George scores Jesse Haught to third Matt Urbanek to second Runner from 3rd tries for Home, SAFE, throw by RF to home Matt Urbanek to third Carlos Morejon to second
|
Batting: RHB Kyle Reilly
|
0-0: Ball 1-0: Ball 2-0: Foul Ball, location: 2F 2-1: SINGLE (Groundball, 56, EV 100.0 MPH) (infield hit) Matt Urbanek scores Carlos Morejon to third
|
Batting: LHB Eric Farren
|
0-0: Foul Ball, location: 2F 0-1: Fielders Choice at 2nd, 5-4 (Groundball, 56S, EV 85.0 MPH) Carlos Morejon scores
|
Batting: RHB Seung-mun Kim
|
0-0: Ball Eric Farren is caught stealing 2nd base 2-4 1-0: Called Strike 1-1: Swinging Strike 1-2: Ball 2-2: Ball 3-2: Strikes out swinging
|
Bottom of the 8th over - 5 runs, 3 hits, 0 errors, 0 left on base; Kingsport 8 - Philadelphia (APP) 14 |
TOP OF THE 9TH |
Kingsport Mets batting - Pitching for Philadelphia (APP) Phillies : RHP Andy Burchfield
|
Batting: RHB Danny Runberg
|
0-0: Called Strike 0-1: Swinging Strike 0-2: Ball 1-2: Strikes out looking
|
Batting: RHB Coltin Nellis
|
0-0: Ball 1-0: Ball 2-0: SOLO HOME RUN (Line Drive, 78XD, EV 101.9 MPH), Distance : 396 ft
|
Batting: RHB Jerry Burch
|
0-0: Swinging Strike 0-1: Ball 1-1: Called Strike 1-2: Ball 2-2: Ball 3-2: Strikes out looking
|
Batting: RHB Frank Shaw
|
0-0: Ball 1-0: Foul Ball, location: 2F 1-1: Ball 2-1: Swinging Strike 2-2: Ball 3-2: Base on Balls
|
Batting: RHB John Jones
|
0-0: Ball 1-0: Foul Ball, location: 2F 1-1: Foul Ball, location: 2F 1-2: Ball 2-2: Strikes out looking
|
Top of the 9th over - 1 run, 1 hit, 0 errors, 1 left on base; Kingsport 9 - Philadelphia (APP) 14 |
|